 Dungeon Crawl Stone Soup version 0.17-a0-1069-g92ad481 (webtiles) character file.

76 Gorice the Bolt Thrower (level 4, -3/33 HPs)
             Began as a Ghoul Wanderer on May 17, 2015.
             Slain by a worker ant (5 damage)
             ... on level 2 of the Dungeon.
             The game lasted 00:10:10 (2078 turns).

Gorice the Bolt Thrower (Ghoul Wanderer)            Turns: 2078, Time: 00:10:10

Health: -3/33      AC:  6    Str: 16    XL:     4   Next: 32%
Magic:  3/3        EV: 15    Int:  7    God:
Gold:   129        SH:  0    Dex: 13    Spells: 0 memorised, 3 levels left

rFire  . . .     SeeInvis .     (no weapon)
rCold  + . .     Clarity  .     c - +0 ring mail
rNeg   + + +     SustAb   .     (no shield)
rPois  ∞         Gourm    .     (no helmet)
rElec  .         Spirit   .     (no cloak)
rCorr  +         Warding  .     (no gloves)
rMut   .         Stasis   .     h - +0 pair of boots
MR     .....                    l - amulet of resist corrosion
Stlth  ++........               (no ring)
                                (no ring)

@: agile, rotting, not resistant to hostile enchantments, unstealthy
A: rotting body, claws 1, carnivore 3, cold resistance 1, negative energy
resistance 3, slow healing 1, torment resistance, unbreathing
a: no special abilities


You were on level 2 of the Dungeon.
You were not hungry.

You visited 1 branch of the dungeon, and saw 3 of its levels.

You collected 129 gold pieces.

Inventory:

Hand weapons
 b - a +2 hand crossbow
 e - a +0 dagger
Missiles
 a - 13 bolts
 k - 14 poisoned needles
 Z - 135 stones (quivered)
Armour
 c - a +0 ring mail (worn)
 h - a +0 pair of boots (worn)
Jewellery
 l - an amulet of resist corrosion (around neck)
Scrolls
 d - a scroll of teleportation {!r}
Potions
 i - 2 potions of haste {!q}
 m - a potion of magic {unknown}
 n - a potion of lignification {unknown}
 o - a potion of curing {unknown}
Comestibles
 f - 2 meat rations {!e}
 g - 2 beef jerkies


   Skills:
   Level 1.0 Maces & Flails
 * Level 4.7 Crossbows
 + Level 3.3 Armour
 - Level 2.1 Stealth


You had 3 spell levels left.
You didn't know any spells.

Dungeon Overview and Level Annotations

Branches:
Dungeon (3/15)

Altars:


Innate Abilities, Weirdness & Mutations

Your body is rotting away.
You thrive on raw meat.
You are immune to poison.
You have sharp fingernails.
You are carnivorous and can eat meat at any time.
Your flesh is cold resistant.
You are immune to negative energy.
You heal slowly when monsters are visible.
You are immune to unholy pain and torment.
You can survive without breathing.


Message History

The worker ant is moderately wounded.
The worker ant bites you but does no damage.
The worker ant closely misses you.
You barely miss the worker ant.
The worker ant is moderately wounded.
The worker ant bites you.
* * * LOW HITPOINT WARNING * * *
Damage: 5 (max 12)
You scratch the worker ant.
The worker ant is severely wounded.
The worker ant bites you.
* * * LOW HITPOINT WARNING * * *
Damage: 1 (max 12)
You scratch the worker ant but do no damage.
The worker ant is severely wounded.
The worker ant barely misses you.
Drink which item? (? for menu, Esc to quit)
Really quaff
j - a potion of agility {!q}? [Y]es or [N]o only, please.
Really quaff
j - a potion of agility {!q}?
Drink which item? (? for menu, Esc to quit)
Okay, then.
Unknown command.
Unknown command.
Eat which item? (? for menu, Esc to quit)
Okay, then.
Drink which item? (? for menu, Esc to quit)
You can't drink that!
Unknown command.
Drink which item? (? for menu, Esc to quit)
Really quaff
j - a potion of agility {!q}?
You feel agile all of a sudden. The worker ant misses you.
You open the door.
The worker ant bites you but does no damage.
The worker ant closely misses you.
There is an open door here.
You closely miss the worker ant.
The worker ant is severely wounded.
The worker ant misses you.
You scratch the worker ant but do no damage.
The worker ant is severely wounded.
The worker ant barely misses you.
You scratch the worker ant but do no damage.
The worker ant is severely wounded.
The worker ant barely misses you.
You scratch the worker ant.
The worker ant is severely wounded.
The worker ant bites you.
You die...

### ########## #.#
##........###.# #####
#.........'))..
#######...###.........###.#
#.....'...@ao.........#...#
#.#####...###.........#...#
#.#...'...'..>........#...#
#.#.###...######..........#
#.#.###...# #.....#.....
#.#.#....## #.....#.....
#(#.#....# #.....#.....
#.#.#....# #....[#...##
##.#.#....#######.....#...#


You could see a worker ant and an orc.

Vanquished Creatures
  2 adders (D:2)
  An ooze (D:2)
  3 worms (D:2)
  2 giant geckos
  A ball python (D:1)
  3 bats
  A giant cockroach (D:1)
  7 hobgoblins
  11 kobolds
  2 giant newts (D:2)
  8 goblins
  4 rats
45 creatures vanquished.

Notes
Turn   | Place    | Note
--------------------------------------------------------------
     0 | D:1      | Gorice the Ghoul Wanderer began the quest for the Orb.
     0 | D:1      | Gorice set off with: a +2 hand crossbow, 21 bolts, a +0 ring mail, a scroll of teleportation {!r}, a +0 dagger, a meat ration {!e}
     0 | D:1      | Reached XP level 1. HP: 14/14 MP: 0/0
   117 | D:1      | Reached XP level 2. HP: 7/20 MP: 1/1
   429 | D:1      | Reached skill level 4 in Crossbows
   960 | D:2      | Reached skill level 3 in Armour
  1086 | D:2      | Reached XP level 3. HP: 13/26 MP: 2/2
  1558 | D:2      | Reached XP level 4. HP: 33/33 MP: 3/3
  2064 | D:2      | HP: 8/33 [worker ant (6)]
  2069 | D:2      | HP: 3/33 [worker ant (5)]
  2078 | D:2      | Slain by a worker ant

Vault maps used:
D:1:      dpeg_arrival_refuge
D:2:      lexackson_kobold_supper
D:3:      lemuel_doored_altar, serial_curves, eino_curves_01, eino_curves_02

Action                   |  1- 3 |  4- 6 || total
-------------------------+-------+-------++-------
Melee: Unarmed           |    25 |   107 ||   132
 Fire: Hand crossbow     |    65 |    12 ||    77
  Use: Scroll            |     2 |     2 ||     4
       Potion            |       |     1 ||     1
  Eat: Chunk             |     7 |     4 ||    11

Table legend:
 A = Turns spent in this place as a percentage of turns spent in the entire game.
 B = Non-inter-level travel turns spent in this place as a percentage of non-inter-level travel turns spent in the entire game.
 C = Inter-level travel turns spent in this place as a percentage of turns spent in this place.
 D = Turns resting spent in this place as a percentage of non-inter-level travel turns spent in this place.
 E = Turns spent auto-exploring this place as a percentage of non-inter-level travel turns spent in this place.
 F = Non-inter-level travel turns spent in this place divided by the number of levels of this place that you've seen.
                   A       B       C       D       E      F
               +-------+-------+-------+-------+-------+----------------------
         Total | 100.0 | 100.0 |   0.4 |   0.5 |   5.8 | 247.7
       Dungeon | 100.0 | 100.0 |   0.4 |   0.5 |   5.8 | 247.7
               +-------+-------+-------+-------+-------+----------------------

Vault maps used:
D:1:      dpeg_arrival_refuge
D:2:      lexackson_kobold_supper
D:3:      lemuel_doored_altar, serial_curves, eino_curves_01, eino_curves_02
